AoeStats
← Beer

Black Forest

508893718Analyzed
4v4 RM · 9d ago on Sep 24, 2026· 41m 21s· 8 players
Game mode
Random Map
Map size
Large (8 player)
Population
200
Speed
Normal
Resources
Standard
Victory
Conquest
Starting age
Dark Age
Ending age
Imperial Age
RankedLock teamsTeams togetherTeam positionsShared explorationLock speedFull tech treeHidden civsTurbo modeCheats
Victory
Defeat
🇦🇺 Italians · Australia
1119
+14
🇦🇺 Japanese · Australia
1118
+14
🇪🇸 Jurchens · Spain
1100
+15
🇹🇼 Bohemians · Taiwan
1090
+16
🇹🇼 Malay · Taiwan
1099
-15
🇹🇼 Varangians · Taiwan
1090
-15
🇹🇼 Burgundians · Taiwan
1086
-15
🇹🇼 Spanish · Taiwan
1050
-14
Beer
1:36 Loom
12:06 Feudal Age
16:26 Castle Age
14:42 Double-Bit Axe
18:02 Bow Saw
18:48 Stone Mining
22:59 Fletching
26:22 Gold Mining
27:04 Bodkin Arrow
29:00 Ballistics
28:31 Guard Tower
31:41 Imperial Age
29:49 Wheelbarrow
29:04 Town Watch
30:09 Thumb Ring
30:29 Ballistics
30:31 Guard Tower
30:47 Yasama
31:41 Gold Shaft Mining
31:31 Padded Archer Armor
32:34 Scale Mail Armor
32:44 Forging
33:32 Conscription
34:14 Parthian Tactics
33:41 Heavy Cavalry Archer
34:35 Bracer
34:51 Leather Archer Armor
37:46 Chemistry
37:18 Ring Archer Armor
37:20 Kataparuto
37:34 Elite Skirmisher
Mameluco adbuser
0:32 Loom
11:45 Feudal Age
17:35 Castle Age
15:39 Double-Bit Axe
16:03 Horse Collar
16:52 Stone Mining
19:21 Bow Saw
19:31 Heavy Plow
28:40 Fletching
35:02 Wheelbarrow
36:22 Gold Mining
38:10 Town Watch
38:42 Hand Cart
40:34 Padded Archer Armor
43:06 Imperial Age
40:55 Bodkin Arrow
41:01 Scale Mail Armor
41:23 Ballistics
41:27 Scale Barding Armor
Dark_Knight
7:06 Loom
10:39 Feudal Age
15:13 Castle Age
13:00 Double-Bit Axe
13:53 Horse Collar
16:03 Bow Saw
20:57 Fervor
22:54 Wheelbarrow
27:36 Imperial Age
25:45 Scale Mail Armor
25:55 Forging
25:35 Man-at-Arms
26:16 Squires
26:02 Arson
25:39 Pikeman
26:50 Chain Mail Armor
29:13 Plate Mail Armor
29:19 Iron Casting
30:04 Halberdier
30:58 Capped Ram
32:46 Blast Furnace
33:59 Fletching
34:49 Coinage
34:20 Caravan
34:31 Guilds
34:09 Town Watch
35:34 Chemistry
34:57 Ballistics
36:12 Conscription
36:00 Wagenburg Tactics
35:29 Long Swordsman
37:42 Banking
38:11 Siege Engineers
39:41 Houfnice
40:15 Two-Handed Swordsman
41:13 Padded Archer Armor
Wiring Tool
5:11 Loom
12:07 Feudal Age
17:00 Castle Age
14:55 Double-Bit Axe
19:12 Wheelbarrow
18:51 Stone Mining
23:15 Stone Shaft Mining
23:57 Horse Collar
25:04 Bow Saw
26:55 Heavy Plow
30:02 Gold Mining
30:42 Fletching
30:52 Padded Archer Armor
31:46 Bodkin Arrow
32:16 Ballistics
31:40 Treadmill Crane
32:11 Fortified Wall
32:14 Masonry
33:04 Silk Road
33:14 Caravan
33:51 Leather Archer Armor
34:13 Hand Cart
37:14 Imperial Age
37:57 Elite Genoese Crossbowman
38:58 Conscription
38:50 Pirotechnia
39:14 Ring Archer Armor
38:45 Bracer
41:56 Chemistry
41:30 Architecture
Gary038202
0:43 Loom
11:40 Feudal Age
16:09 Castle Age
14:31 Horse Collar
15:57 Double-Bit Axe
19:36 Heavy Plow
25:20 Wheelbarrow
26:03 Bow Saw
27:11 Gold Mining
27:13 Stone Mining
31:59 Imperial Age
29:50 Hand Cart
31:56 Ballistics
34:11 Chemistry
33:30 Padded Archer Armor
33:01 Elite Skirmisher
33:38 Fletching
34:03 Elite Conquistador
34:44 Bodkin Arrow
38:50 Bracer
39:34 Leather Archer Armor
40:09 Conscription
40:48 Ring Archer Armor
41:40 Two-Man Saw
mzk_TsushimaRiko
1:00 Loom
14:43 Feudal Age
18:03 Castle Age
16:26 Double-Bit Axe
16:44 Gold Mining
16:46 Horse Collar
danny83627danny83627
0:31 Loom
12:04 Feudal Age
16:09 Castle Age
14:22 Double-Bit Axe
14:18 Horse Collar
17:25 Bow Saw
26:14 Heavy Plow
31:41 Imperial Age
29:24 Padded Archer Armor
29:26 Scale Mail Armor
33:12 Chain Mail Armor
33:08 Forging
34:05 Chemistry
33:11 Siege Engineers
33:25 Caravan
35:23 Bloodlines
35:41 Husbandry
35:50 Scale Barding Armor
36:09 Conscription
35:13 Vendel Legacy
35:42 Cavalier
37:01 Iron Casting
37:19 Plate Mail Armor
37:12 Chain Barding Armor
36:51 Elite Varangian Guard
37:31 Squires
37:17 Arson
37:17 Gambesons
38:13 Wheelbarrow
39:43 Blast Furnace
38:34 Fletching
40:09 Plate Barding Armor
40:53 Coinage
40:35 Guilds
41:44 Ballistics
41:22 Bodkin Arrow
John9487
0:28 Loom
8:12 Double-Bit Axe
11:35 Feudal Age
11:33 Horse Collar
13:37 Bow Saw
17:47 Castle Age
16:19 Gold Mining
17:23 Scale Barding Armor
18:00 Cavalier
23:15 Forging
24:24 Husbandry
27:15 Chain Barding Armor
28:14 Wheelbarrow
30:27 Gold Shaft Mining
34:28 Two-Man Saw
34:44 Hand Cart
35:20 Heavy Plow
35:23 Stone Mining
40:10 Imperial Age
38:26 Iron Casting
39:45 Burgundian Vineyards
40:42 Paladin
Connection lost

Rejoining the realm…

Still unreachable

The connection could not be restored.

Session expired

The server has moved on; the page needs a fresh start.